 Dungeon Sprint DCSS version 0.22-a0-580-gd5db89c (webtiles) character file.

4890 Kidiri the Eclecticist (level 10, -12/58 HPs)
             Began as a Deep Elf Fire Elementalist on July 3, 2018.
             Was the Champion of Vehumet.
             Mangled by a vampire knight
             ... wielding a +2 long sword
              (20 damage)
             ... in the Dungeon (Sprint VII: "The Pits").
             The game lasted 00:10:02 (1334 turns).

Kidiri the Eclecticist (Deep Elf Fire Elementalist) Turns: 1334, Time: 00:10:02

Health: -12/58     AC: 10    Str:  5    XL:     10   Next: 26%
Magic:  8/33       EV: 17    Int: 24    God:    Vehumet [******]
Gold:   0          SH:  0    Dex: 15    Spells: 3/43 levels left

rFire    . . .     SeeInvis .   w - +2 rapier (elec)
rCold    . . .     Gourm    .   (no shield)
rNeg     . . .     Faith    .   a - +0 robe
rPois    .         Spirit   .   (no helmet)
rElec    .         Reflect  .   v - +0 cloak
rCorr    .         Harm     .   u - +0 pair of gloves
MR       +....     NoTele   +   (no boots)
Stlth    ++........             (no amulet)
HPRegen  0.59/turn              o - +3 ring of protection
MPRegen  0.23/turn              p - +3 ring of protection

@: lethally poisoned (-12 -> -13), slowed, very slow
A: hooves 1, blink, regeneration 1
a: Blink, Renounce Religion


You were in the Dungeon.
You worshipped Vehumet.
Vehumet was exalted by your worship.
You were not hungry.

You visited 1 branch

Inventory:

Hand Weapons
 w - a +2 rapier of electrocution (weapon)
Armour
 a - a +0 robe (worn)
 u - a +0 pair of gloves (worn)
 v - a +0 cloak (worn)
Jewellery
 o - a +3 ring of protection (left hand)
 p - a +3 ring of protection (right hand)
Scrolls
 i - a scroll of blinking
 j - 3 scrolls of remove curse
 k - 5 scrolls of amnesia
 l - a scroll of summoning
Potions
 b - 2 potions of invisibility
 d - 7 potions of curing
 e - 4 potions of heal wounds
 f - a potion of haste
 g - 3 potions of magic
 h - 5 potions of berserk rage
 n - a potion of ambrosia {unknown}
 q - a potion of brilliance
 r - a potion of might
 t - a potion of agility
Comestibles
 c - 7 rations
 m - 7 chunks of flesh


   Skills:
 + Level 4.6 Fighting
 + Level 5.5 Short Blades
 + Level 4.6 Armour
 + Level 7.3 Dodging
 - Level 2.4 Stealth
 * Level 17.0 Spellcasting
 + Level 10.8 Conjurations
 + Level 11.2 Fire Magic
 + Level 5.3 Ice Magic
 + Level 0.0 Air Magic
 + Level 6.1 Earth Magic
 + Level 6.2 Poison Magic


You had 3 spell levels left.
You knew the following spells:

 Your Spells              Type           Power        Failure   Level  Hunger
a - Flame Tongue          Conj/Fire      #####        1%          1    None
b - Throw Flame           Conj/Fire      ######       1%          2    None
c - Conjure Flame         Conj/Fire      ######..     1%          3    None
d - Inner Flame           Hex/Fire       #####...     1%          3    None
e - Sticky Flame          Conj/Fire      ######..     1%          4    None
f - Fireball              Conj/Fire      ######....   1%          5    None
g - Bolt of Magma         Conj/Fire/Erth ######....   1%          5    None
h - Throw Icicle          Conj/Ice       ######..     1%          4    None
i - Freezing Cloud        Conj/Ice/Air   #####.....   12%         6    ####...
j - Stone Arrow           Conj/Erth      ######       1%          3    None
k - Olgreb's Toxic Radia  Pois           ######..     1%          4    None

Your spell library contained the following spells:

 Spells                   Type           Power        Failure   Level  Hunger


Dungeon Overview and Level Annotations

Branches:
Dungeon (1/1)

Altars:
Ashenzari
Cheibriados
Dithmenos
Elyvilon
Fedhas
Gozag
Hepliaklqana
Kikubaaqudgha
Makhleb
Nemelex Xobeh
Okawaru
Qazlal
Ru
Sif Muna
Trog
Uskayaw
Vehumet
Wu Jian
Xom
Yredelemnul
Zin
The Shining One
Beogh
Jiyva
Lugonu

Annotations:
D exclusion: 4 doors, Erica


Innate Abilities, Weirdness & Mutations

You have large cloven feet.
You can translocate small distances at will.
Your natural rate of healing is unusually fast.


Message History

You feel sick.
The vampire knight burns!
The vampire knight blinks!
The vampire knight misses you. The vampire knight bites you!
* * * LOW HITPOINT WARNING * * *
The vampire knight draws strength from your injuries!
Erica points at you and mumbles some strange words.
You feel yourself slow down.
Unknown command.
You feel much better.
You feel sick.
The vampire knight burns!
The vampire knight is infused with unholy energy.
The vampire knight draws life force from you and is healed!
The vampire knight hits you with an enchanted long sword!
The vampire knight bites you.
* * * LOW HITPOINT WARNING * * *
The vampire knight draws strength from your injuries!
You feel much better.
You feel sick.
The vampire knight burns!
Something hits you! Something bites you!
* * * LOW HITPOINT WARNING * * *
Something draws strength from your injuries!
Something hits you!!
You die...

..##..'..##....## .##
..##.##).#...... ##
...# ######...+.....
.## ....#
#####....#.... ..##...
.[##..#..##..# #SD'.
[.##.###..##.+ +..#
))####.##(.#.## ##.D#
))###...+.()..####W..##
))##...†#..##..)@@r...#
#######################


You could see Erica, a phantasmal warrior, a steam dragon and a hell rat.

Vanquished Creatures
  A two-headed ogre (D)
  A death yak (D)
  A lindwurm (D)
  A deep elf mage (D)
  A polar bear (D)
  4 blink frogs (D)
  A snapping turtle (D)
  A flying skull (D)
  A redback (D)
  A wyvern (D)
  A fire bat (D)
  A hungry ghost (D)
  Edmund (D)
  A water moccasin (D)
  A floating eye (D)
  An orc warrior (D)
  A soldier ant (D)
  A necrophage (D)
  A centaur (D)
  A crocodile (D)
  2 jellies (D)
  2 orc wizards (D)
  2 ufetubi (D)
  An ooze (D)
  4 leopard geckos (D)
  6 orcs (D)
  A ball python (D)
  A frilled lizard (D)
  A leopard gecko zombie (D)
  A rat (D)
44 creatures vanquished.

Vanquished Creatures (others)
  A yaktaur (D)
1 creature vanquished.

Grand Total: 45 creatures vanquished

Notes
Turn   | Place    | Note
-------+----------+-------------------------------------------
     0 | D        | Kidiri the Deep Elf Fire Elementalist began the quest for the Orb.
     0 | D        | Reached XP level 1. HP: 10/10 MP: 6/6
    25 | D        | Killed a yaktaur
    71 | D        | Found a bloodstained altar of Trog.
    71 | D        | Found a deep blue altar of Sif Muna.
    71 | D        | Found a viscous altar of Jiyva.
    71 | D        | Found a hazy altar of Hepliaklqana.
    71 | D        | Found an opulent altar of Gozag.
    72 | D        | Found a glowing golden altar of the Shining One.
    72 | D        | Found a glowing silver altar of Zin.
    72 | D        | Found a basalt altar of Yredelemnul.
    72 | D        | Found a shimmering altar of Xom.
    72 | D        | Found an ornate altar of the Wu Jian Council.
    72 | D        | Found a sacrificial altar of Ru.
    72 | D        | Found a stormy altar of Qazlal.
    72 | D        | Found an iron altar of Okawaru.
    72 | D        | Found a sparkling altar of Nemelex Xobeh.
    72 | D        | Found a burning altar of Makhleb.
    72 | D        | Found a blossoming altar of Fedhas.
    72 | D        | Found a white marble altar of Elyvilon.
    72 | D        | Found a shadowy altar of Dithmenos.
    72 | D        | Found a snail-covered altar of Cheibriados.
    74 | D        | Found a radiant altar of Vehumet.
    74 | D        | Found a corrupted altar of Lugonu.
    74 | D        | Found a roughly hewn altar of Beogh.
    75 | D        | Found a hide-covered altar of Uskayaw.
    75 | D        | Found an ancient bone altar of Kikubaaqudgha.
    75 | D        | Found a shattered altar of Ashenzari.
    82 | D        | Became a worshipper of Vehumet
   202 | D        | Reached skill level 4 in Spellcasting
   204 | D        | Reached XP level 2. HP: 13/15 MP: 2/9
   266 | D        | Learned a level 2 spell: Throw Flame
   275 | D        | Reached * piety under Vehumet
   275 | D        | Offered knowledge of Freeze by Vehumet.
   275 | D        | Reached skill level 5 in Spellcasting
   304 | D        | Reached ** piety under Vehumet
   336 | D        | Noticed a hungry ghost
   352 | D        | Killed a hungry ghost
   352 | D        | Reached skill level 9 in Spellcasting
   352 | D        | Reached skill level 5 in Conjurations
   352 | D        | Reached XP level 3. HP: 13/19 MP: 2/16
   352 | D        | Reached XP level 4. HP: 17/24 MP: 2/17
   352 | D        | Reached XP level 5. HP: 20/28 MP: 2/19
   357 | D        | Learned a level 3 spell: Conjure Flame
   361 | D        | Learned a level 3 spell: Inner Flame
   366 | D        | Learned a level 4 spell: Sticky Flame
   372 | D        | Learned a level 5 spell: Fireball
   455 | D        | Noticed an orc warrior
   457 | D        | Noticed a fire bat
   457 | D        | Noticed a flying skull
   463 | D        | Offered knowledge of Sandblast by Vehumet.
   463 | D        | Reached *** piety under Vehumet
   464 | D        | Reached skill level 10 in Spellcasting
   465 | D        | Killed an orc warrior
   465 | D        | Reached skill level 11 in Spellcasting
   465 | D        | Reached XP level 6. HP: 32/32 MP: 14/22
   468 | D        | Killed a flying skull
   468 | D        | Reached **** piety under Vehumet
   468 | D        | Reached skill level 13 in Spellcasting
   495 | D        | Killed a fire bat
   495 | D        | Reached XP level 7. HP: 11/36 MP: 14/26
   719 | D        | Reached ***** piety under Vehumet
   719 | D        | Offered knowledge of Stone Arrow by Vehumet.
   727 | D        | Learned a level 3 spell: Stone Arrow
   728 | D        | Offered knowledge of Olgreb's Toxic Radiance by Vehumet.
   737 | D        | Learned a level 4 spell: Olgreb's Toxic Radiance
   741 | D        | Offered knowledge of Bolt of Magma by Vehumet.
   741 | D        | Reached skill level 14 in Spellcasting
   818 | D        | Learned a level 5 spell: Bolt of Magma
   818 | D        | Noticed a deep elf mage
   819 | D        | Offered knowledge of Throw Icicle by Vehumet.
   819 | D        | Reached skill level 1 in Short Blades
   819 | D        | Reached skill level 1 in Earth Magic
   819 | D        | Reached skill level 1 in Poison Magic
   820 | D        | Reached skill level 1 in Fighting
   820 | D        | Reached skill level 1 in Armour
   822 | D        | Killed a deep elf mage
   822 | D        | Reached skill level 15 in Spellcasting
   822 | D        | Reached XP level 8. HP: 44/44 MP: 10/29
   882 | D        | Learned a level 4 spell: Throw Icicle
   927 | D        | Gained mutation: Your natural rate of healing is unusually fast. [potion of mutation]
   927 | D        | Gained mutation: You can translocate small distances at will. [potion of mutation]
   927 | D        | Gained mutation: You have large cloven feet. [potion of mutation]
   955 | D        | Noticed a polar bear
   959 | D        | Killed a polar bear
   959 | D        | Reached skill level 10 in Fire Magic
   959 | D        | Reached skill level 1 in Ice Magic
  1073 | D        | Noticed a blink frog
  1073 | D        | Noticed a blink frog
  1073 | D        | Noticed a blink frog
  1073 | D        | Noticed a blink frog
  1075 | D        | Killed a blink frog
  1075 | D        | Reached ****** piety under Vehumet
  1075 | D        | Reached skill level 5 in Dodging
  1075 | D        | Reached XP level 9. HP: 50/50 MP: 18/30
  1076 | D        | Offered knowledge of Freezing Cloud by Vehumet.
  1076 | D        | Noticed a two-headed ogre
  1077 | D        | Noticed a death yak
  1079 | D        | Killed a two-headed ogre
  1079 | D        | Reached skill level 16 in Spellcasting
  1079 | D        | Reached skill level 10 in Conjurations
  1080 | D        | Reached skill level 5 in Earth Magic
  1080 | D        | Reached skill level 5 in Poison Magic
  1110 | D        | Killed a death yak
  1117 | D        | Reached skill level 5 in Short Blades
  1128 | D        | Learned a level 6 spell: Freezing Cloud
  1247 | D        | Reached XP level 10. HP: 57/57 MP: 16/32
  1247 | D        | Offered knowledge of Iskenderun's Battlesphere by Vehumet.
  1247 | D        | Reached skill level 5 in Ice Magic
  1297 | D        | Noticed Edmund
  1303 | D        | Killed Edmund
  1310 | D        | Noticed a lindwurm
  1315 | D        | Killed a lindwurm
  1315 | D        | Reached skill level 17 in Spellcasting
  1323 | D        | Noticed a vampire knight
  1326 | D        | Noticed Erica
  1327 | D        | Noticed a phantasmal warrior
  1329 | D        | Noticed a black mamba
  1334 | D        | Mangled by a vampire knight

Vault maps used:
D:        pitsprint

Skill      XL: |  1  2  3  4  5  6  7  8  9 10 |
---------------+-------------------------------+-----
Spellcasting   | 4 9 11 13 15 16 17 | 17.0
Conjurations   | 2 5 6 8 9 10 | 10.8
Fire Magic     | 6 7 9 10 11 | 11.2
Short Blades   | 2 3 5 |  5.5
Earth Magic    | 2 4 5 6 |  6.1
Poison Magic   | 2 4 5 6 |  6.2
Fighting       | 2 3 4 |  4.6
Armour         | 2 3 4 |  4.6
Dodging        | 4 5 6 7 |  7.3
Ice Magic      | 2 4 5 |  5.3
Stealth        | |  2.4

Action                   |  1- 3 |  4- 6 |  7- 9 | 10-12 || total
-------------------------+-------+-------+-------+-------++-------
Melee: Dagger            |       |     5 |     1 |       ||     6
       Rapier            |       |       |     1 |       ||     1
 Cast: Flame Tongue      |    20 |     5 |    11 |       ||    36
       Throw Flame       |     2 |       |       |       ||     2
       Sticky Flame      |       |     2 |     3 |     2 ||     7
       Conjure Flame     |       |     1 |     1 |       ||     2
       Inner Flame       |       |     1 |     1 |       ||     2
       Fireball          |       |     1 |     5 |       ||     6
       Bolt of Magma     |       |       |    13 |     4 ||    17
       Olgreb's Toxic Ra |       |       |     1 |       ||     1
       Throw Icicle      |       |       |       |     3 ||     3
 Abil: Blink             |       |       |       |     2 ||     2
  Use: Potion            |       |     1 |     2 |     3 ||     6
  Eat: Ration            |       |     1 |     1 |       ||     2
       Chunk             |       |       |     1 |       ||     1
Armor: Robe              |     6 |     3 |     2 |     1 ||    12
Dodge: Dodged            |     6 |    10 |    11 |     4 ||    31

Table legend:
 A = Spawn XP
 B = Non-spawn XP
 C = Spawn XP percentage of total XP
 D = Spawn monster count
 E = Non-spawn monster count
 F = Spawn count percentage of total count
 G = Total turns spent on level
                    A         B        C        D         E        F      G
               +---------+---------+-------+---------+---------+-------+---------
         Total |       0 |    6987 |   0.0 |       0 |      44 |   0.0 |  1334
               +---------+---------+-------+---------+---------+-------+---------
             D |       0 |    6987 |   0.0 |       0 |      44 |   0.0 |  1334
               +---------+---------+-------+---------+---------+-------+---------
